 Dungeon Sprint DCSS version 0.21.1-1-g345015f (webtiles) character file.

286 Psiloshibe the Carver (level 8, -7/74 HPs)
             Began as a Barachi Berserker on June 10, 2018.
             Was a Priest of Trog.
             Mangled by a giant anaconda (15 damage)
             ... in the Dungeon (Sprint VI: "Thunderdome").
             The game lasted 00:05:59 (590 turns).

Psiloshibe the Carver (Barachi Berserker)            Turns: 590, Time: 00:05:59

Health: -7/74      AC:  2    Str: 22    XL:     8   Next: 36%
Magic:  8/8        EV: 13    Int: 10    God:    Trog [***...]
Gold:   3          SH: 17    Dex: 16    Spells: 7/7 levels left

rFire    . . .     SeeInvis +   t - +0 falchion
rCold    . . .     Gourm    .   q - +0 large shield of Impermeability {rN++ MR- Regen+ Dex+3}
rNeg     + + .     Faith    .   b - +0 animal skin
rPois    +         Spirit   .   (no helmet)
rElec    .         Reflect  +   (no cloak)
rCorr    .         Harm     .   (no gloves)
MR       .....     NoTele   +   (no boots)
Stlth    ++........             v - amulet of the Hero {Reflect rPois SH+5}
HPRegen  0.62/turn              p - ring of Xalak {+Blink +Fly Str+2}
MPRegen  0.11/turn              n - ring "Moramiu" {rPois Int+3 SInv Stlth+}

@: can't hop, berserk cooldown, slowed, very slow
A: +LOS, swims, slowness 1, strong legs 1
a: Hop, Berserk, Trog's Hand, Burn Spellbooks, Renounce Religion, Evoke Blink,
Evoke Flight


You were in the Dungeon.
You worshipped Trog.
Trog was most pleased with you.
You were not hungry.

You visited 1 branch You collected 600 gold pieces.
You spent 597 gold pieces at shops.

Inventory:

Hand Weapons
 a - a +0 whip of flaming
 t - a +0 falchion (weapon)
Missiles
 o - 4 tomahawks of returning (quivered)
 u - 8 silver tomahawks
Armour
 b - a +0 animal skin (worn)
 q - the +0 large shield of Impermeability (worn) {rN++ MR- Regen+ Dex+3}
   (You bought it in a shop in the Dungeon)

   It affects your dexterity (+3).
   It greatly protects you from negative energy.
   It affects your resistance to hostile enchantments.
   It increases your rate of regeneration.
Jewellery
 n - the ring "Moramiu" (right hand) {rPois Int+3 SInv Stlth+}
   (You bought it in a shop in the Dungeon)

   [ring of intelligence]

   It affects your intelligence (+3).
   It protects you from poison.
   It lets you see invisible.
   It makes you more stealthy.
 p - the ring of Xalak (left hand) {+Blink +Fly Str+2}
   (You bought it in a shop in the Dungeon)

   [ring of flight]

   It affects your strength (+2).
   It lets you fly.
   It lets you blink.
 v - the amulet of the Hero (around neck) {Reflect rPois SH+5}
   (You bought it in a shop in the Dungeon)

   [amulet of reflection]

   It shields you and reflects attacks.
   It protects you from poison.
   It affects your SH (+5).
Wands
 k - a wand of acid (5)
 l - a wand of iceblast (4)
 s - a wand of polymorph (4)
Scrolls
 i - 4 scrolls of blinking
 m - 3 scrolls of fog
Potions
 d - a potion of curing
 e - 3 potions of heal wounds
 f - 4 potions of haste
 g - 2 potions of magic
 h - a potion of berserk rage
 j - a potion of resistance
Comestibles
 c - 2 rations


   Skills:
 + Level 10.8 Fighting
 + Level 12.2 Long Blades
 + Level 3.0 Maces & Flails
 * Level 7.9 Throwing
 + Level 5.4 Armour
 + Level 8.7 Dodging
 + Level 0.2 Evocations


You had 7 spell levels left.
You didn't know any spells.

Dungeon Overview and Level Annotations

Branches:
Dungeon (1/1)

Altars:
Cheibriados
Dithmenos
Fedhas
Gozag
Kikubaaqudgha
Makhleb
Okawaru
Qazlal
Ru
Sif Muna
Trog
Uskayaw
Vehumet
Wu Jian
Xom
Yredelemnul
Zin
The Shining One
Beogh
Jiyva
Lugonu

Shops:
D *[%??*?*:[((!!!!


Innate Abilities, Weirdness & Mutations

Shadows flee at your approach. (+LOS)
You can swim through water.
You cover ground slowly.
You can hop short distances.


Message History

Your black bear misses the giant anaconda.
Hop to where?
Press: ? - help, Dir - move target cursor, p - giant anaconda You escape the giant anaconda's grasp.
Boing!
Your skin stops crawling.
You feel less resistant to hostile enchantments.
The giant anaconda barely misses your black bear.
The giant anaconda bites your black bear!
Your black bear dies!
Your black bear's corpse disappears in a puff of smoke!
Okay, then.
Evoke which item? (* to show all) (? for menu, Esc to quit)
Aiming: Iceblast
Press: ? - help, Shift-Dir - straight line, f - giant anaconda
Aim: a giant anaconda (heavily wounded)
The mass of ice explodes!
The iceblast engulfs the giant anaconda.
The giant anaconda is severely wounded.
The giant anaconda closely misses you. The giant anaconda bites you!
You die...

#....†..._#
###.........###
#⌠...........⌠#
######.8.........8.##
##∩___......###......_
###∩........8.# #.8.....
##..§.§........###.......
#⌠..".......###...###....
#⌠.....S@)).# #.<.# #...†
#⌠........).###...###....
##.............###...%...
###∩........8.# #.8.....
##∩___...[..###......_
######.8.........8.##
#⌠...........⌠#
###.........###
#_......._#


You could see a giant anaconda.

Vanquished Creatures
  Pikel (D)
  6 bullfrogs (D)
  5 killer bees (D)
  A worm (D)
  4 giant cockroaches (D)
  A hobgoblin (D)
  2 goblins (D)
20 creatures vanquished.

Vanquished Creatures (collateral kills)
  2 killer bees (D)
2 creatures vanquished.

Grand Total: 22 creatures vanquished

Notes
Turn   | Place    | Note
-------+----------+-------------------------------------------
     0 | D        | Psiloshibe the Barachi Berserker began the quest for the Orb.
     0 | D        | Reached XP level 1. HP: 18/18 MP: 1/1
     0 | D        | Found a corrupted altar of Lugonu.
     0 | D        | Found a hide-covered altar of Uskayaw.
     3 | D        | Found a burning altar of Makhleb.
     3 | D        | Found a viscous altar of Jiyva.
     3 | D        | Found a roughly hewn altar of Beogh.
     4 | D        | Found a shadowy altar of Dithmenos.
     4 | D        | Found a snail-covered altar of Cheibriados.
     5 | D        | Found Kaypneh's Delicious Food.
     5 | D        | Found an iron altar of Okawaru.
     5 | D        | Found Akli's Identification Station.
     5 | D        | Found a radiant altar of Vehumet.
     5 | D        | Round 1.
     6 | D        | Found Utanlacom's Jewellery.
     6 | D        | Found Yjutey's Advanced Armour.
     6 | D        | Found a deep blue altar of Sif Muna.
     6 | D        | Found a shimmering altar of Xom.
     6 | D        | Found an ornate altar of the Wu Jian Council.
     7 | D        | Found Gaonnoaj's Magic Scroll Shop.
     8 | D        | Found Vory's Magic Scroll Shop.
    15 | D        | Bought a wavering copper ring for 45 gold pieces
    15 | D        | Bought a warped sapphire amulet for 45 gold pieces
    15 | D        | Bought a smoking steel ring for 45 gold pieces
    15 | D        | Identified the amulet of Cuomp {+Rage Int+8} (You bought it in a shop in the Dungeon)
    17 | D        | Identified the ring of Xalak {+Blink +Fly Str+2} (You bought it in a shop in the Dungeon)
    18 | D        | Identified the ring "Moramiu" {rPois Int+3 SInv Stlth+} (You bought it in a shop in the Dungeon)
    19 | D        | Bought a vibrating graven amulet for 45 gold pieces
    19 | D        | Identified the amulet "Boho" {Inacc Dex+5} (You bought it in a shop in the Dungeon)
    28 | D        | Found Feoqau's Staff Store.
    29 | D        | Found Moxt's Must-Have Magic.
    35 | D        | Found a glowing golden altar of the Shining One.
    36 | D        | Found a blossoming altar of Fedhas.
    37 | D        | Found a basalt altar of Yredelemnul.
    39 | D        | Found Geanijeatopn's Distillery.
    40 | D        | Found Jythu's Distillery.
    40 | D        | Found Cimo's Bottled Wisdom.
    41 | D        | Found a sacrificial altar of Ru.
    41 | D        | Found a glowing silver altar of Zin.
    41 | D        | Found Vappa's Do-It-Yourself Clinic.
    54 | D        | Reached skill level 4 in Long Blades
    59 | D        | Found a stormy altar of Qazlal.
    60 | D        | Found a bloodstained altar of Trog.
    60 | D        | Found an opulent altar of Gozag.
    60 | D        | Found an ancient bone altar of Kikubaaqudgha.
    60 | D        | Found Maxumoam's Weapon Rack.
    60 | D        | Found Tek Elez's Premium Goods.
    61 | D        | Found Pioqirph's Basic Armour.
    61 | D        | Found Singeab's Miscellaneous Merchandise.
   134 | D        | Reached ** piety under Trog
   148 | D        | Arena points: 12 (+12) [x2]
   148 | D        | Reached skill level 1 in Throwing
   148 | D        | Reached XP level 2. HP: 13/26 MP: 2/2
   175 | D        | Round 2.
   195 | D        | Reached skill level 5 in Long Blades
   197 | D        | Reached *** piety under Trog
   201 | D        | Noticed Pikel
   218 | D        | Killed Pikel
   218 | D        | Received a gift from Trog
   218 | D        | Reached skill level 10 in Long Blades
   218 | D        | Reached XP level 3. HP: 40/40 MP: 3/3
   218 | D        | Reached XP level 4. HP: 46/46 MP: 4/4
   218 | D        | Reached XP level 5. HP: 52/52 MP: 5/5
   218 | D        | Reached XP level 6. HP: 59/59 MP: 6/6
   218 | D        | Reached XP level 7. HP: 64/64 MP: 7/7
   233 | D        | Arena points: 42 (+30) [x3]
   242 | D        | Round 3.
   255 | D        | Bought a scorched emerald amulet for 45 gold pieces
   255 | D        | Identified the amulet of the Hero {Reflect rPois SH+5} (You bought it in a shop in the Dungeon)
   276 | D        | Reached skill level 11 in Long Blades
   276 | D        | Reached skill level 5 in Armour
   331 | D        | Reached skill level 10 in Fighting
   331 | D        | Reached skill level 1 in Maces & Flails
   357 | D        | Reached **** piety under Trog
   360 | D        | Arena points: 126 (+84) [x4]
   360 | D        | Reached XP level 8. HP: 39/73 MP: 8/8
   405 | D        | Round 4.
   421 | D        | Reached skill level 12 in Long Blades
   466 | D        | Received a gift from Trog
   521 | D        | Arena points: 286 (+160) [x5]
   545 | D        | Bought a scorched large shield for 332 gold pieces
   550 | D        | Identified the +0 large shield of Impermeability {rN++ MR- Regen+ Dex+3} (You bought it in a shop in the Dungeon)
   558 | D        | Bought 2 rations for 40 gold pieces
   561 | D        | Round 5.
   571 | D        | Noticed a giant anaconda
   590 | D        | Mangled by a giant anaconda

Skill      XL: |  1  2  3  4  5  6  7  8 |
---------------+-------------------------+-----
Fighting       | 4 9 10 | 10.8
Long Blades    | 4 10 11 12 | 12.2
Throwing       | 1 6 7 |  7.9
Armour         | 4 5 |  5.4
Dodging        | 6 8 |  8.7
Maces & Flails | 2 3 |  3.0
Evocations     | |  0.2

Action                   |  1- 3 |  4- 6 |  7- 9 || total
-------------------------+-------+-------+-------++-------
Melee: Falchion          |    41 |       |    38 ||    79
       Whip              |       |       |    54 ||    54
Throw: Tomahawk          |       |       |     6 ||     6
Invok: Trog's Hand       |     2 |       |     6 ||     8
       Berserk           |     1 |       |     4 ||     5
       Brothers in Arms  |       |       |     2 ||     2
 Abil: Hop               |       |       |     2 ||     2
       Evoke Blink       |       |       |     1 ||     1
Evoke: Wand              |       |       |     1 ||     1
  Use: Potion            |       |       |     1 ||     1
  Eat: Chunk             |       |       |     4 ||     4
       Ration            |       |       |     1 ||     1
Armor: Animal skin       |     9 |       |     3 ||    12
Dodge: Dodged            |    26 |       |    93 ||   119
Block: Other             |       |       |    23 ||    23
       Large shield      |       |       |     9 ||     9
       Rpst.: Falchion   |    14 |       |    12 ||    26
